 Dungeon Crawl Stone Soup version 0.24-a0-29-g43a6aff (console) character file.

Game seed: 10321760728632726724

44 Duffy the Shield-Bearer (level 3, -1/34 HPs)
             Began as a Naga Fighter on Feb 2, 2019.
             Killed from afar by an orc wizard (3 damage)
             ... with a puff of flame
             ... on level 4 of the Dungeon.
             The game lasted 00:00:42 (665 turns).

Duffy the Shield-Bearer (Naga Fighter)               Turns: 665, Time: 00:00:43

Health: -1/34      AC:  4    Str: 18    XL:     3   Next: 60%
Magic:  3/3        EV:  5    Int:  8    God:
Gold:   68         SH:  9    Dex: 11    Spells: 2/2 levels left

rFire    . . .     SeeInvis +   a - +0 war axe
rCold    . . .     Gourm    .   c - +0 shield
rNeg     . . .     Faith    .   b - +0 scale mail
rPois    +         Spirit   .   (no helmet)
rElec    .         Reflect  .   (no cloak)
rCorr    .         Harm     .   (no gloves)
MR       .....                  (no barding)
Stlth    ..........             (no amulet)
HPRegen  0.11/turn              (no ring)
MPRegen  0.08/turn              (no ring)

@: very slow
A: large, see invisible, deformed body, poison resistance, slowness 2, slow
metabolism 1, spit poison 1, AC +1
a: Spit Poison


You were on level 4 of the Dungeon.
You were not hungry.

You visited 1 branch of the dungeon, and saw 4 of its levels.

You collected 68 gold pieces.

Inventory:

Hand Weapons
 a - a +0 war axe (weapon)
Armour
 b - a +0 scale mail (worn)
 c - a +0 shield (worn)
Potions
 d - a potion of might
 e - a potion of resistance {unknown}
Comestibles
 f - a ration
 g - 2 chunks of flesh


   Skills:
 - Level 3.0 Fighting
 + Level 3.0 Axes
 - Level 2.4 Armour
 + Level 3.1 Shields


You had 2 spell levels left.
You didn't know any spells.
Your spell library was empty.

Dungeon Overview and Level Annotations

Branches:
Dungeon (4/15)
 Temple: D:4-7

Altars:


Innate Abilities, Weirdness & Mutations

You cannot wear boots.
Your serpentine skin is tough. (AC +1)
You have supernaturally acute eyesight. (SInv)
Armour fits poorly on your strangely shaped body.
Your system is resistant to poisons. (rPois)
You cover ground very slowly.
You have a slow metabolism.
You can spit poison.


Message History

Aim: an orc wizard, wielding a +0 dagger and wearing a +0 robe (fast)
The splash of poison hits the orc wizard.
The orc wizard is poisoned.
The orc wizard is heavily wounded.
You feel slightly more hungry.
The orc wizard shouts!
The orc wizard gestures at you while chanting.
The magic dart hits you.
The orc wizard points at you and mumbles some strange words.
The puff of flame hits you!
You closely miss the orc wizard.
The orc wizard is heavily wounded.
The orc wizard hits you but does no damage.
The orc wizard hits you with a +0 dagger.
You have got your breath back.
The orc wizard gestures at you while chanting.
The magic dart hits you.
The orc wizard points at you and mumbles some strange words.
The puff of flame hits you.
You die...

### ##### ##### ..#
#...# #..'. #.#
#.8.+#...# #.#
#...#..o# #.#
###..@#).#
#.######.'.8.'#
..####........#...#o#
....!.....#####...#..#
.#####.##.# #.8.+##..
#.##.# #...# .##
######.##># ##### #
..........#
#####.###.#


You could see an orc wizard.

Vanquished Creatures
  A hound skeleton (D:4)
  An adder (D:4)
  A worm (D:3)
  An adder skeleton (D:4)
  An orc (D:4)
  A giant cockroach (D:1)
  4 goblins (D:2)
  A hobgoblin (D:1)
  2 kobolds
  2 rats
15 creatures vanquished.

Notes
Turn   | Place    | Note
-------+----------+-------------------------------------------
     0 | D:1      | Duffy the Naga Fighter began the quest for the Orb.
     0 | D:1      | Reached XP level 1. HP: 21/21 MP: 1/1
   139 | D:2      | Reached XP level 2. HP: 24/28 MP: 2/2
   460 | D:4      | Reached XP level 3. HP: 18/34 MP: 3/3
   665 | D:4      | Killed from afar by an orc wizard

Vault maps used:
D:1:      dpeg_arrival_stonehenge_12_columns, chequers_mini_garden
D:2:      minmay_angry_zag, overflow_temple_1_default, serial_bayou_lagoon_a
D:4:      minmay_chambers_of_threes, kennysheep_little_box, bloody_makhleb,
          first_ration, kennysheep_small_square

Skill      XL: |  1  2  3 |
---------------+----------+-----
Shields        | 3 |  3.1
Axes           | 3 |  3.0
Fighting       | |  3.0
Armour         | |  2.4

Action                   || total
-------------------------++-------
Melee: War axe           ||    42
 Abil: Spit Poison       ||     3
Armor: Scale mail        ||    18
Dodge: Dodged            ||     6
Block: Shield            ||    24

Table legend:
 A = Non-vault XP
 B = Vault XP
 C = Vault XP percentage of total XP
 D = Non-vault monster count
 E = Vault monster count
 F = Vault count percentage of total count
                 A         B        C        D         E       F
            +---------+---------+-------+---------+---------+-------
      Total |      48 |      15 |  23.8 |       9 |       6 |  40.0
            +---------+---------+-------+---------+---------+-------
        D:1 |       7 |       0 |   0.0 |       4 |       0 |   0.0
        D:2 |       4 |       7 |  63.6 |       2 |       4 |  66.7
        D:3 |       6 |       0 |   0.0 |       1 |       0 |   0.0
        D:4 |      31 |       8 |  20.5 |       2 |       2 |  50.0
            +---------+---------+-------+---------+---------+-------
